 Dungeon Sprint DCSS version 0.28-a0-247-gb8bfbab023 (webtiles) character file.

Game seed: 13277143150452286392

315 MikeHunt the Skirmisher (level 6, -8/84 HPs)
             Began as a Palentonga Hedge Wizard on Aug 25, 2021.
             Was a Believer of Makhleb.
             Mangled by a freezing wraith (16 damage)
             ... summoned by a mummy priest
             ... in the Dungeon (Sprint V: "Ziggurat Sprint").
             The game lasted 00:02:07 (247 turns).

MikeHunt the Skirmisher (Palentonga Hedge Wizard)    Turns: 247, Time: 00:02:08

Health: -8/84      AC: 13    Str: 26    XL:     6   Next: 19%
Magic:  10/10      EV:  5    Int: 14    God:    Makhleb [**....]
Gold:   0          SH: 12    Dex: 11    Spells: 10/11 levels left

rFire   . . .      SeeInvis +   N - +7 Screaming Sword {vorpal, sonic wave}
rCold   . . .      Faith    .   v - +3 kite shield
rNeg    . . .      Spirit   .   q - +5 storm dragon scales
rPois   .          Reflect  .   c - +0 hat
rElec   +          Harm     .   (no cloak)
rCorr   .          Rampage  .   (no gloves)
Will    .....      NoTele   +   (no barding)
Stlth   ..........              (no amulet)
HPRegen 0.24/turn               J - +6 ring of strength
MPRegen 0.12/turn               K - +6 ring of strength

@: berserking, weak-willed, very quick
A: large, rugged brown scales 3, see invisible, deformed body, roll 1, armoured
tail
a: Rolling Charge, Renounce Religion, Minor Destruction


You were in the Dungeon.
You worshipped Makhleb.
Makhleb was pleased with you.
You visited 1 branch

Inventory:

Hand Weapons
 a - a +0 dagger
 N - the +7 Screaming Sword (weapon) {vorpal, sonic wave}
   (You found it in the Dungeon)

   It inflicts extra damage upon your enemies.
   It radiates damaging sonic waves as it strikes, especially in combat
   involving dangerous or numerous foes.
 O - the +5 sword of Power {vorpal}
   (You found it in the Dungeon)

   It inflicts extra damage upon your enemies.
   It occasionally discharges a powerful but inaccurate bolt of energy upon
   striking a foe, with increased chance the greater the wielder's current
   health.
 P - the +9 sword of Zonguldrok {reap}
   (You found it in the Dungeon)

   Any living foe damaged by it may be reanimated upon death as a zombie
   friendly to the wielder, with an increasing chance as more damage is dealt.
Armour
 b - a +0 robe
 c - a +0 hat (worn)
 o - +5 fire dragon scales
 p - +5 ice dragon scales
 q - +5 storm dragon scales (worn)
 r - +5 shadow dragon scales
 s - +5 gold dragon scales
 t - a +5 crystal plate armour
 u - a +5 plate armour
 v - a +3 kite shield (worn)
 w - a +3 tower shield
 x - a +3 buckler
 M - the +18 shield of the Gong {rElec rN+ Will+ EV-5}
   (You found it in the Dungeon)

   It is deafeningly noisy when blocking attacks.
   EV:        It affects your evasion (-5).
   rElec:     It insulates you from electricity.
   rN:        It protects you from negative energy.
   Will:      It increases your willpower.
Jewellery
 E - a ring of flight
 F - a +6 ring of dexterity
 G - a +6 ring of dexterity
 H - a +6 ring of intelligence
 I - a +6 ring of intelligence
 J - a +6 ring of strength (left hand)
 K - a +6 ring of strength (right hand)
Wands
 B - a wand of mindburst (7)
 C - a wand of iceblast (7)
 D - a wand of acid (7)
Scrolls
 i - 4 scrolls of blinking
 y - 7 scrolls of fog
 z - 5 scrolls of identify
 A - 2 scrolls of fear
Potions
 d - 10 potions of curing
 e - 9 potions of heal wounds
 f - 6 potions of haste
 g - 7 potions of magic
 h - a potion of berserk rage
 j - 2 potions of brilliance
 k - 2 potions of invisibility
 l - 3 potions of resistance
 n - 5 potions of might
Miscellaneous
 L - a lightning rod (2/4) (quivered)


   Skills:
 + Level 6.7 Fighting
 + Level 6.7 Long Blades
 - Level 1.5 Dodging
 - Level 1.2 Stealth
 + Level 5.6 Shields
 - Level 3.0 Spellcasting
 - Level 0.8 Conjurations
 - Level 0.7 Summonings
 - Level 1.0 Translocations
 + Level 6.1 Evocations


You had 10 spell levels left.
You knew the following spells:

 Your Spells              Type           Power      Damage    Failure   Level
a - Magic Dart            Conj           16%        1d3       93%         1

Your spell library contained the following spells:

 Spells                   Type           Power      Damage    Failure   Level
 Sting                    Tmut/Pois      8%         1d3       97%         1
 Blink                    Tloc           N/A        N/A       97%         2
 Call Imp                 Summ           4%         N/A       98%         2
 Poisonous Vapours        Pois/Air       4%         N/A       99%         2
 Slow                     Hex            2%         N/A       99%         2
 Conjure Flame            Conj/Fire      3%         6-21      100%        3
 Mephitic Cloud           Conj/Pois/Air  2%         N/A       100%        3
 Olgreb's Toxic Radiance  Pois           2%         N/A       100%        4


Dungeon Overview and Level Annotations

Branches:
Dungeon (1/1)

Altars:
Ashenzari
Cheibriados
Dithmenos
Elyvilon
Fedhas
Gozag
Hepliaklqana
Kikubaaqudgha
Makhleb
Nemelex Xobeh
Okawaru
Qazlal
Ru
Sif Muna
Trog
Uskayaw
Vehumet
Wu Jian
Xom
Yredelemnul
Zin
The Shining One
Beogh
Jiyva
Lugonu

Annotations:
D 1 transporter


Innate Abilities, Weirdness & Mutations

You are completely covered in rugged brown scales. (AC +3, +7% HP)
You have supernaturally acute eyesight. (SInv)
Armour fits poorly on your strangely shaped body.
You can roll at nearby foes to attack.
You have a long armoured tail.


Message History

Something smites you!
The vampire mumbles some strange words.
The vampire flickers and vanishes for a moment.
The phantasmal warrior gestures at you.
The phantasmal warrior blinks!
The ball python simulacrum barely misses you.
The ball python simulacrum constricts you but does no damage.
The mummy priest hits you. The vampire closely misses you.
You riposte.
You slash the vampire!
The Screaming Sword clamours, "I AM THE FIFTH HORSEMAN!
THE TIME IS NOW!"
You send a blast of sound all around you.
The monsters around you are blasted!
You destroy the vampire!
The phantasmal warrior is severely damaged.
The ball python simulacrum vaporises!
The freezing wraith is lightly damaged.
You destroy the necrophage!
The necrophage's corpse disappears in a puff of smoke!
You destroy the ball python zombie!
The mummy priest is moderately damaged.
You destroy the ball python skeleton!
The jiangshi is moderately damaged.
The phantasmal warrior gestures at you.
The phantasmal warrior blinks!
A red film seems to cover your vision as you go berserk!
You feel yourself moving faster!
You feel mighty! The jiangshi claws you!
The jiangshi draws strength from your injuries!
You block the jiangshi's attack.
The mummy priest prays to its god.
The phantasmal warrior hits you!!
* * * LOW HITPOINT WARNING * * *
Your willpower is stripped away!
You block the jiangshi's attack.
The jiangshi claws you but does no damage.
Your shield and storm dragon scales prevent you from hitting the mummy priest.
You tail-slap the mummy priest!
The mummy priest is severely damaged.
The freezing wraith hits you.
* * * LOW HITPOINT WARNING * * *
The freezing wraith freezes you!
You die...

▓▓▓▓▓▓▓▓▓▓▓▓▓▓▓▓▓▓▓
▓.8©8.▓.8©8.▓.8©8.▓
▓.4}=.▓.))}.▓.....▓
▓..○..▓.....▓.}...▓
▓W@M..▓.....▓.....▓
▓.VW.4▓.....▓..†..▓
▓.....▓.....▓..©..▓
▓..©..▓..©..▓▓▓▓▓▓▓
▓▓▓▓▓▓▓▓▓▓▓▓▓


You could see a mummy priest, a jiangshi (summoned), an orange demon (summoned),
a phantasmal warrior (summoned), a rust devil (summoned) and a freezing wraith
(summoned).

Vanquished Creatures
  A fire elemental (D)
  A hell hound (D)
  A crimson imp (D)
  2 mummies (D)
  An adder skeleton (D)
  A ball python zombie (D)
  A jackal zombie (D)
8 creatures vanquished.

Notes
Turn   | Place    | Note
-------+----------+-------------------------------------------
     0 | D        | MikeHunt the Palentonga Hedge Wizard began the quest for
                  | the Orb.
     0 | D        | Reached XP level 1. HP: 13/13 MP: 4/4
     0 | D        | Found a shimmering blue altar of Sif Muna.
     0 | D        | Found a sacrificial altar of Ru.
     0 | D        | Found a bloodstained altar of Trog.
     0 | D        | Found a stormy altar of Qazlal.
     0 | D        | Found an iron altar of Okawaru.
     0 | D        | Found a sparkling altar of Nemelex Xobeh.
     0 | D        | Found a blossoming altar of Fedhas.
     0 | D        | Found the +6 Majin-Bo {vamp, MP+6 Int+6}
     0 | D        | Found the +9 heavy crossbow "Sniper" {vorpal, Acc+∞ SInv}
     0 | D        | Found the +10 dark maul {vorpal}
     0 | D        | Found the +15 Maxwell's patent armour {-Cast -Tele rElec
                  | Will+ rCorr}
     0 | D        | Found the +18 shield of the Gong {rElec rN+ Will+ EV-5}
     0 | D        | Found the +14 obsidian axe {vorpal, Drain Fly SInv}
     0 | D        | Found the +7 great mace "Firestarter" {inner flame, rF++}
     0 | D        | Found the +6 shillelagh "Devastator" {shatter}
     0 | D        | Found the +11 plutonium sword {Contam Stlth-}
     0 | D        | Found the +8 lance "Wyrmbane" {slay drac, rPois rF+ rC+
                  | AC+3}
     0 | D        | Found the +9 sword of Zonguldrok {reap}
     0 | D        | Found the +13 scythe of Curses {drain, Drain}
     0 | D        | Found the +5 sword of Power {vorpal}
     0 | D        | Found the +7 mace of Variability {chain chaos}
     0 | D        | Found the +7 Singing Sword {vorpal, sonic wave}
     0 | D        | Found the +8 storm bow {elec, penet}
     8 | D        | Found a viscous altar of Jiyva.
     8 | D        | Found a transporter.
     8 | D        | Found a hazy altar of Hepliaklqana.
     8 | D        | Found an ancient bone altar of Kikubaaqudgha.
     8 | D        | Found an opulent altar of Gozag.
     8 | D        | Found a corrupted altar of Lugonu.
     9 | D        | Found a burning altar of Makhleb.
    36 | D        | Became a worshipper of Makhleb the Destroyer
    61 | D        | Reached XP level 2. HP: 25/25 MP: 6/6
    63 | D        | Entered arena 2.
    63 | D        | Noticed a fire elemental
    63 | D        | Noticed a hell hound
    63 | D        | Found a transporter.
    66 | D        | Killed a hell hound
    67 | D        | Reached skill level 5 in Fighting
    67 | D        | Reached skill level 5 in Long Blades
    67 | D        | Reached XP level 3. HP: 28/35 MP: 7/7
    67 | D        | Reached XP level 4. HP: 33/41 MP: 8/8
    68 | D        | Killed a fire elemental
    69 | D        | Reached skill level 5 in Shields
    69 | D        | Reached skill level 5 in Evocations
    69 | D        | Reached XP level 5. HP: 35/49 MP: 9/9
   224 | D        | Entered arena 3.
   224 | D        | Found a transporter.
   226 | D        | Reached * piety under Makhleb
   227 | D        | Reached XP level 6. HP: 56/56 MP: 10/10
   237 | D        | Entered arena 4.
   237 | D        | Noticed a mummy priest
   237 | D        | Found a transporter.
   238 | D        | Noticed a vampire
   239 | D        | Reached ** piety under Makhleb
   241 | D        | Noticed a vampire
   241 | D        | Noticed a phantasmal warrior
   243 | D        | Noticed a freezing wraith
   243 | D        | Noticed a jiangshi
   247 | D        | Noticed an orange demon
   247 | D        | Noticed a rust devil
   247 | D        | Mangled by a freezing wraith

Illustrated notes

Levels and vault maps discovered:
D:        sprint_v [room_start, room_1, room_2, room_3, room_4, room_5, room_6,
          room_7, room_8, room_9, room_10, room_11, room_12, room_13, room_14,
          room_15, room_16, room_17, room_18, room_19, room_20, room_21,
          room_22, room_23, room_24, room_25, room_26, room_27]

Skill      XL: |  1  2  3  4  5  6 |
---------------+-------------------+-----
Fighting       | 3 5 6 |  6.7
Long Blades    | 3 5 6 |  6.7
Shields        | 2 4 5 |  5.6
Evocations     | 3 4 5 6 |  6.1
Dodging        | |  1.5
Stealth        | |  1.2
Spellcasting   | |  3.0
Conjurations   | |  0.8
Summonings     | |  0.7
Translocations | |  1.0

Action                   |  1- 3 |  4- 6 || total
-------------------------+-------+-------++-------
Melee: Double sword      |     1 |     3 ||     4
       Tailslap          |       |     1 ||     1
Evoke: Lightning rod     |       |     6 ||     6
  Use: Potion            |     3 |     2 ||     5
Armor: Storm dragon scal |     2 |     5 ||     7
Dodge: Dodged            |     1 |     2 ||     3
Block: Buckler           |     1 |       ||     1
       Kite shield       |       |     3 ||     3
       Rpst.: Double sword |       |     1 ||     1

Table legend: (Time is in decaauts)
 A = Elapsed time spent in this place.
 B = Non-inter-level travel time spent in this place.
 C = Inter-level travel time spent in this place.
 D = Time resting spent in this place.
 E = Time spent auto-exploring this place.
 F = Levels seen in this place.
 G = Mean time per level.
                   A        B        C        D        E       F      G
               +--------+--------+--------+--------+--------+-----+--------+
         Total |    259 |    259 |      0 |    153 |      0 |   1 |  259.0 |
       Dungeon |    259 |    259 |      0 |    153 |      0 |   1 |  259.0 |
               +--------+--------+--------+--------+--------+-----+--------+

Top non-repeatable levels by time:
       D: 259 daAuts
